 Dungeon Crawl Stone Soup version 0.24-a0-277-g67e6301 (webtiles) character file.

Game seed: 15552008740003607274

60 Dantiko the Magician (level 3, -2/19 HPs)
             Began as a Deep Elf Wizard on Apr 28, 2019.
             Was an Initiate of Sif Muna.
             Killed by divine providence
             ... invoked by an orc priest
              (13 damage)
             ... on level 4 of the Dungeon.
             The game lasted 00:06:42 (2511 turns).

Dantiko the Magician (Deep Elf Wizard)              Turns: 2511, Time: 00:06:43

Health: -2/19      AC:  2    Str:  4    XL:     3   Next: 80%
Magic:  1/11       EV: 13    Int: 23    God:    Sif Muna [......]
Gold:   124        SH:  0    Dex: 13    Spells: 7/12 levels left

rFire    . . .     SeeInvis .   s - +4 quarterstaff (chaos)
rCold    . . .     Gourm    .   (shield currently unavailable)
rNeg     . . .     Faith    .   a - +0 robe
rPois    .         Spirit   .   b - +0 hat
rElec    .         Reflect  .   q - scarf {cloud immunity}
rCorr    .         Harm     .   (no gloves)
MR       .....                  (no boots)
Stlth    ++........             (no amulet)
HPRegen  0.06/turn              k - ring of wizardry
MPRegen  0.12/turn              (no ring)

@: no status effects
A: no striking features
a: Renounce Religion


You were on level 4 of the Dungeon.
You worshipped Sif Muna.
Sif Muna was noncommittal.
You were hungry.

You visited 1 branch of the dungeon, and saw 4 of its levels.

You collected 124 gold pieces.

Inventory:

Hand Weapons
 f - a +0 whip
 s - a +4 quarterstaff of chaos (weapon)
Missiles
 e - 79 bolts
 g - 16 poisoned needles
 j - 93 arrows
 t - 46 stones (quivered)
Armour
 a - a +0 robe (worn)
 b - a +0 hat (worn)
 q - a scarf of cloud immunity (worn)
Jewellery
 k - a ring of wizardry (left hand)
Scrolls
 c - 3 scrolls of identify {unknown}
 h - a scroll of fear {unknown}
 i - a scroll of teleportation {unknown}
 n - 2 scrolls of enchant armour {unknown}
 r - a scroll of fog {unknown}
Potions
 l - a potion of brilliance {unknown}
 m - 2 potions of agility {unknown}
 o - 4 potions of curing {unknown}
 p - 3 potions of flight {unknown}
 u - a potion of degeneration {unknown}
 v - a potion of invisibility {unknown}
Comestibles
 d - 7 rations


   Skills:
 - Level 2.4 Dodging
 - Level 2.4 Stealth
 - Level 5.0 Spellcasting
 - Level 2.4 Conjurations
 + Level 2.1 Summonings
 + Level 2.1 Translocations


You had 7 spell levels left.
You knew the following spells:

 Your Spells              Type           Power        Failure   Level  Hunger
a - Magic Dart            Conj           ###.         1%          1    None
b - Blink                 Tloc           N/A          2%          2    None
c - Call Imp              Summ           ###.....     2%          2    None

Your spell library contained the following spells:

 Spells                   Type           Power        Failure   Level  Hunger
 Slow                     Hex            #.......     6%          2    None
 Conjure Flame            Conj/Fire      ##......     7%          3    ##.....
 Mephitic Cloud           Conj/Pois/Air  #.......     9%          3    ##.....


Dungeon Overview and Level Annotations

Branches:
Dungeon (4/15)
 Temple: D:4-7

Altars:
Nemelex Xobeh
Sif Muna

Shops:
D:4 :


Message History

The orc priest barely misses you. Something bites you but does no damage.
Casting: Call Imp (safe; 2% risk of failure)
Confirm with . or Enter, or press ? or * to list all spells.
A beastly little devil appears in a puff of flame.
The orc priest closely misses you. Something bites you but does no damage.
The orc wizard gestures wildly while chanting.
The orc wizard seems to speed up.
Your crimson imp blinks!
Casting: Call Imp (safe; 2% risk of failure)
Confirm with . or Enter, or press ? or * to list all spells.
You blink.
The orc wizard mumbles some strange words.
The orc wizard blinks!
Casting: Blink (safe; 2% risk of failure)
Confirm with . or Enter, or press ? or * to list all spells.
You don't have enough magic to cast that spell.
The orc priest invokes the aid of Beogh against you.
Beogh smites you!
Ouch! That really hurt!
You die...

##..##..##
##...### #...
##.....# ##..##
#.. ###..##
##..## .## ####
## ###.## ..###
##. #..###.....
#.. ##.......#
#.. #.
####..<####
#..###..##...##
#.@###......#
##..##o..5.......
##..o...........
##...#.........
#..#.o........
##............
.............
#.............
#...... ..


You could see an orc priest and an orc wizard.

Vanquished Creatures
  Crazy Yiuf (D:2)
  5 leopard geckos
  7 bats
  4 giant cockroaches
  3 goblins
  4 hobgoblins
  A kobold (D:3)
  A quokka (D:2)
  2 ball pythons (D:2)
  2 frilled lizards
  4 rats
34 creatures vanquished.

Notes
Turn   | Place    | Note
-------+----------+-------------------------------------------
     0 | D:1      | Dantiko the Deep Elf Wizard began the quest for the Orb.
     0 | D:1      | Reached XP level 1. HP: 10/10 MP: 7/7
   122 | D:1      | Reached XP level 2. HP: 14/15 MP: 3/9
   251 | D:1      | Reached skill level 5 in Spellcasting
   542 | D:1      | Learned a level 2 spell: Blink
   545 | D:1      | Learned a level 2 spell: Call Imp
  1134 | D:2      | Reached XP level 3. HP: 16/19 MP: 7/11
  1456 | D:2      | Found a runed translucent door.
  1457 | D:2      | Noticed Crazy Yiuf
  1486 | D:2      | Killed Crazy Yiuf
  1719 | D:3      | Found a sparkling altar of Nemelex Xobeh.
  2005 | D:3      | Found a deep blue altar of Sif Muna.
  2015 | D:3      | Became a worshipper of Sif Muna the Loreminder
  2428 | D:4      | Found Luamasot's Book Boutique.
  2511 | D:4      | Killed from afar by an orc priest

Levels and vault maps discovered:
D:1:      dpeg_arrival_tiny_f, layout_basic
D:2:      layout_loops_corners, first_ration, uniq_crazy_yiuf_cottage
D:3:      layout_basic, nicolae_overflow_crystal_walls,
          nicolae_overflow_hidden_temple, serial_bayou_lagoon_a,
          chequers_serial_rivers_large_a, kennysheep_minor_cross,
          nemelex_diamond_rough_becter
D:4:      layout_layer_cave, enter_ossuary_4, serial_shops, shop, uniq_grinder

Skill      XL: |  1  2  3 |
---------------+----------+-----
Spellcasting   | 5 |  5.0
Conjurations   | 2 |  2.4
Summonings     | 2 |  2.1
Translocations | 2 |  2.1
Dodging        | |  2.4
Stealth        | |  2.4

Action                   || total
-------------------------++-------
Melee: Whip              ||    12
       Quarterstaff      ||     2
 Cast: Magic Dart        ||    83
       Call Imp          ||     7
       Blink             ||     1
  Eat: Chunk             ||     4
Armor: Robe              ||    11
Dodge: Dodged            ||    22

Table legend:
 A = Non-vault XP
 B = Vault XP
 C = Vault XP percentage of total XP
 D = Non-vault monster count
 E = Vault monster count
 F = Vault count percentage of total count
                 A         B        C        D         E       F
            +---------+---------+-------+---------+---------+-------
      Total |      58 |      28 |  32.6 |      33 |       1 |   2.9
            +---------+---------+-------+---------+---------+-------
        D:1 |      28 |       0 |   0.0 |      16 |       0 |   0.0
        D:2 |      14 |      28 |  66.7 |       9 |       1 |  10.0
        D:3 |      16 |       0 |   0.0 |       8 |       0 |   0.0
            +---------+---------+-------+---------+---------+-------
